 Dungeon Crawl Stone Soup version 0.31.0-10-gcf4a605ca0 (webtiles) character file.

Game seed: 11340811138209264814

3799 olmar the Geomancer (level 9, -5/63 HPs)
             Began as a Demigod Earth Elementalist on Jan 25, 2024.
             Slain by an orc warlord
             ... wielding a +4 broad axe
              (29 damage)
             ... in a bailey.
             The game lasted 00:13:43 (6756 turns).

olmar the Geomancer (Demigod Earth Elementalist)    Turns: 6756, Time: 00:13:44

Health: -5/63      AC: 10    Str: 13    XL:     9   Next: 64%
Magic:  1/34       EV: 11    Int: 29    God:
Gold:   397        SH:  0    Dex: 14    Spells: 9/24 levels left

rFire   + . .        G - staff of air
rCold   . . .        (no shield)
rNeg    . . .        K - +0 troll leather armour
rPois   .            q - +0 helmet
rElec   +            C - +0 cloak
rCorr   .            w - +1 Delatra's gloves {ID++}
SInv    .            J - +2 pair of boots of the Onion {Str+4 Slay+2}
Will    .....        B - amulet of magic regeneration
Stlth   ++           o - ring of protection from fire
HPRegen 1.10/turn    y - ring of magical power
MPRegen 0.64/turn

%: no passive effects
@: invisible
A: high MP 1, forlorn, divine attributes
a: no special abilities


You were in a bailey.
You visited 1 branch of the dungeon, and saw 7 of its levels.
You also visited: Sewer and Bailey.

You collected 481 gold pieces.
You spent 84 gold pieces at shops.

Inventory:

Hand Weapons
 e - a +0 dagger of draining
 k - a +1 short sword of speed
Missiles
 h - 3 javelins
 i - 13 boomerangs
Armour
 a - a +0 robe
 q - a +0 helmet (worn)
 w - the +1 Delatra's gloves (worn) {ID++}
   (You found it on level 3 of the Dungeon)

   ID++:      It heals its wearer when they drink unknown potions, and restores
   their MP when they read unknown scrolls.
 C - a +0 cloak (worn)
 F - an orb of mayhem
 J - the +2 pair of boots of the Onion (worn) {Str+4 Slay+2}
   (You found it on level 6 of the Dungeon)

   Str+4:     It affects your strength (+4).
   Slay+2:    It affects your accuracy & damage with ranged weapons and melee
   (+2).
 K - a +0 troll leather armour (worn)
Magical Staves
 G - a staff of air (weapon)
Jewellery
 g - an amulet of guardian spirit
 o - a ring of protection from fire (left hand)
 t - a ring of flight
 y - a ring of magical power (right hand)
 B - an amulet of magic regeneration (around neck)
Wands
 j - a wand of polymorph (8)
 u - a wand of iceblast (7)
 z - a wand of flame (45)
 E - a wand of acid (4)
 M - a wand of digging (3)
Scrolls
 c - a scroll of enchant armour {unknown}
 f - a scroll of blinking
 l - a scroll of acquirement
 A - a scroll of amnesia {unknown}
 D - a scroll of noise {unknown}
 H - a scroll of fog {unknown}
 I - 2 scrolls of identify
 N - 2 scrolls of fear
 Q - a scroll of revelation
 R - 2 scrolls of summoning {unknown}
Potions
 b - a potion of magic
 d - 2 potions of berserk rage
 m - a potion of resistance {unknown}
 n - a potion of attraction
 p - 2 potions of lignification
 r - a potion of degeneration {unknown}
 s - a potion of enlightenment {unknown}
 v - a potion of mutation {unknown}
 x - a potion of invisibility
 L - a potion of haste {unknown}
 O - a potion of brilliance {unknown}
 P - 2 potions of cancellation {unknown}
Miscellaneous
 S - a tin of tremorstones (2/2)


   Skills:
 + Level 0.9 Fighting
 - Level 0.3 Staves
 + Level 1.2 Armour
 - Level 1.7 Dodging
 - Level 1.7 Stealth
 + Level 8.1 Spellcasting
 + Level 5.0 Conjurations
 + Level 8.7 Earth Magic
 + Level 0.2 Alchemy


You had 9 spell levels left.
You knew the following spells:

 Your Spells              Type           Power      Damage    Failure   Level
a - Sandblast             Erth           100%       2d20      1%          1
b - Stone Arrow           Conj/Erth      100%       3d13      1%          3
c - Passwall              Erth           58%        N/A       1%          3
d - Brom's Barrelling Bo  Conj/Erth      51%        2d7       3%          4
e - Petrify               Alch/Erth      37%        N/A       9%          4

Your spell library contained the following spells:

 Spells                   Type           Power      Damage    Failure   Level
 Magic Dart               Conj           100%       1d8       1%          1
 Shock                    Conj/Air       100%       1d9       1%          1
 Sting                    Conj/Alch      100%       1d9       1%          1
 Apportation              Tloc           22%        N/A       6%          1
 Freeze                   Ice            44%        1d6       6%          1
 Necrotise                Necr           44%        1d6       6%          1
 Summon Small Mammal      Summ           44%        N/A       6%          1
 Hailstorm                Conj/Ice       26%        3d7       6%          3
 Blink                    Tloc           22%        N/A       9%          2
 Call Imp                 Summ           22%        N/A       9%          2
 Frozen Ramparts          Ice            22%        1d4       17%         3


Dungeon Overview and Level Annotations

Branches:
Dungeon (7/15)             Temple (0/1) D:4           Sewer (visited)
 Bailey (1/1)

Shops:
D:2 !   D:5 (   D:6 ?

Annotations:
D:5 1 runed translucent door, Crazy Yiuf


Innate Abilities, Weirdness & Mutations

You have an increased reservoir of magic. (+10% MP)
You shall have no god before yourself.
Your divine heritage dramatically boosts your attributes as you level up.


Message History

Aim: an orc warlord, wielding a +4 broad axe and wearing a +0 plate armour (heavily wounded, covered in acid, chance to affect: 29%)
The orc warlord easily resists.
The orc warlord hits you with a +4 broad axe!
Unknown command.
Unknown command.
Okay, then.
Okay, then.
It was a potion of invisibility.
You fade into invisibility!
The energy of discovery flows from your fingertips!
You feel much better.
The orc warlord hits you with a +4 broad axe!
Casting: Petrify (dangerous; 9% risk of failure)
Confirm with . or Enter, or press ? or * to list all spells.
Okay, then.
Casting: Petrify (dangerous; 9% risk of failure)
Confirm with . or Enter, or press ? or * to list all spells.
Aiming: Stone Arrow (safe; 1% risk of failure)
Press: ? - help, Shift-Dir - straight line, f/p - orc warlord
Aim: an orc warlord, wielding a +4 broad axe and wearing a +0 plate armour (heavily wounded, unable to see you, covered in acid, 87% to hit)
The stone arrow hits the orc warlord!!
The orc warlord is severely wounded.
The orc warlord hits you with a +4 broad axe.
Casting: Stone Arrow (safe; 1% risk of failure)
Confirm with . or Enter, or press ? or * to list all spells.
Aiming: Stone Arrow (safe; 1% risk of failure)
Press: ? - help, Shift-Dir - straight line, f/p - orc warlord
Aim: an orc warlord, wielding a +4 broad axe and wearing a +0 plate armour (severely wounded, unable to see you, covered in acid, 87% to hit)
The stone arrow hits the orc warlord!
The orc warlord is severely wounded.
The orc warlord hits you with a +4 broad axe!!
Casting: Stone Arrow (safe; 1% risk of failure)
Confirm with . or Enter, or press ? or * to list all spells.
Aiming: Stone Arrow (safe; 1% risk of failure)
Press: ? - help, Shift-Dir - straight line, f/p - orc warlord
Aim: an orc warlord, wielding a +4 broad axe and wearing a +0 plate armour (severely wounded, unable to see you, covered in acid, 87% to hit)
The stone arrow hits the orc warlord!!
The orc warlord is almost dead.
The orc warlord hits you with a +4 broad axe!!
You die...

...o○).)....o......#
)⌠)..).#..)..⌠.....#
.....).#...........#
.......#....$...)..#
).....###.......).###
....###.###.....#'#.###
#.###.....###.###.....###
###[........###...).....##
)#..........##8.@........#
.#..........)#8o.........#
.#...........'.....⌠....∩#
.#...........#8..........#
.#..........##8..........#
###.........###.........##
#.###.$...###.###$....###
....###.###.....#'#.###
......###....)....###


You could see an orc warlord (unable to see you, corroded).

Vanquished Creatures
  An orc knight (Bailey)
  A manticore (D:6)
  A troll (D:6)
  Sigmund (D:5)
  A vampire (D:6)
  2 sky beasts
  11 orc warriors (Bailey)
  An ogre (D:5)
  A crocodile (Sewer)
  Blork the orc (D:6)
  A brain worm (Sewer)
  A scorpion (D:4)
  2 wights (D:7)
  A howler monkey (D:4)
  2 bombardier beetles
  A jelly (D:7)
  3 hounds
  3 orc priests
  3 iguanas
  Ijyb (D:5)
  3 orc wizards
  4 gnolls (Bailey)
  6 adders
  4 ufetubi
  5 dart slugs
  42 orcs
  8 endoplasms
  4 giant cockroaches
  10 goblins
  16 hobgoblins
  7 jackals
  13 kobolds
  8 quokkas
  7 ball pythons
  11 bats
  2 frilled lizards
  8 rats
197 creatures vanquished.

Vanquished Creatures (collateral kills)
  8 boulders (Bailey)
8 creatures vanquished.

Vanquished Creatures (others)
  6 boulders (Bailey)
6 creatures vanquished.

Grand Total: 211 creatures vanquished

Notes
Turn   | Place    | Note
-------+----------+-------------------------------------------
     0 | D:1      | olmar the Demigod Earth Elementalist began the quest for
                  | the Orb.
     0 | D:1      | Reached XP level 1. HP: 14/14 MP: 5/5
    20 | D:1      | Reached skill level 1 in Conjurations
   206 | D:1      | Reached XP level 2. HP: 20/20 MP: 4/7
   449 | D:1      | Got Plato's Encyclopedia of Fog
  1008 | D:2      | Reached XP level 3. HP: 26/26 MP: 7/9
  1106 | D:2      | Learned a level 3 spell: Stone Arrow
  1435 | D:2      | Found Femmewut's Distillery.
  1442 | D:2      | Bought a potion of lignification for 42 gold pieces
  1442 | D:2      | Bought a potion of lignification for 42 gold pieces
  1975 | D:3      | Reached XP level 4. HP: 33/33 MP: 7/11
  2722 | D:3      | Found the +1 Delatra's gloves {ID++}
  2856 | D:3      | Learned a level 3 spell: Passwall
  2971 | D:4      | Noticed a sky beast
  2976 | D:4      | Killed a sky beast
  2977 | D:4      | Reached XP level 5. HP: 38/38 MP: 14/14
  3040 | D:4      | Reached XP level 6. HP: 45/45 MP: 15/15
  3160 | D:4      | Reached skill level 5 in Earth Magic
  3167 | D:4      | Found a staircase to the Ecumenical Temple.
  3242 | D:4      | Found a glowing drain.
  3246 | Sewer    | Entered a sewer
  3756 | D:5      | Entered Level 5 of the Dungeon
  3801 | D:5      | Noticed Sigmund
  3807 | D:5      | Killed Sigmund
  3808 | D:5      | Reached skill level 5 in Spellcasting
  3808 | D:5      | Reached XP level 7. HP: 50/50 MP: 11/18
  3979 | D:5      | Noticed Ijyb
  3982 | D:5      | Killed Ijyb
  4346 | D:5      | Found Reunto's Weapon Boutique.
  4509 | D:5      | Found a runed translucent door.
  4510 | D:5      | Noticed Crazy Yiuf
  4794 | D:5      | Learned a level 4 spell: Brom's Barrelling Boulder
  4799 | D:5      | Learned a level 4 spell: Petrify
  4964 | D:6      | Found Daenesm's Magic Scroll Emporium.
  4996 | D:6      | Noticed Blork the orc
  5000 | D:6      | Killed Blork the orc
  5191 | D:6      | Noticed a manticore
  5197 | D:6      | Killed a manticore
  5198 | D:6      | Reached XP level 8. HP: 36/57 MP: 4/21
  5331 | D:6      | Identified the +2 pair of boots of the Onion {Str+4 Slay+2}
  5331 | D:6      | Noticed a troll
  5451 | D:6      | Killed a troll
  5748 | D:6      | You fall into a shaft and drop 1 floor!
  5844 | D:7      | Found a flagged portal.
  5850 | Bailey   | Entered a bailey
  5929 | Bailey   | Reached XP level 9. HP: 63/63 MP: 23/23
  6222 | Bailey   | Noticed an orc knight
  6281 | Bailey   | Killed an orc knight
  6282 | Bailey   | Reached skill level 1 in Armour
  6544 | Bailey   | Noticed an orc warlord
  6547 | Bailey   | Reached skill level 5 in Conjurations
  6756 | Bailey   | Slain by an orc warlord

Illustrated notes

Levels and vault maps discovered:
D:1:      dpeg_arrival_boxorama, layout_rooms,
          shapermc_ecumenical_altar_rom_forum, nicolae_titane
D:2:      layout_basic, serial_shops, shop
D:3:      layout_loops_cross, chequers_serial_rivers_small_a,
          grunt_decor_arrowhead, pf_guarded_unrand_delatra
D:4:      layout_basic, minmay_temple_entry_offerings, portal_sewer_entry_e
D:5:      layout_gridville, mainiacjoe_overflow_tiny_flanked, serial_shops,
          nicolae_shop_bloodbath_and_beyond, uniq_crazy_yiuf_cottage, uniq_ijyb,
          uniq_sigmund
D:6:      minmay_cornered_nines, layout_basic, serial_shops,
          nicolae_take_the_stairs, grunt_ministairs_8, hangedman_decor_opposing,
          uniq_blork_the_orc
D:7:      layout_loops_ring, enter_bailey_2, chequers_jeans
Bailey:   bailey_axe_minmay_hex_keep, bailey

Skill      XL: |  1  2  3  4  5  6  7  8  9 |
---------------+----------------------------+-----
Conjurations   | 1 2 3 5 |  5.0
Earth Magic    | 3 4 5 6 7 8 |  8.7
Spellcasting   | 2 4 5 6 7 8 |  8.1
Armour         | 1 |  1.2
Fighting       | |  0.9
Staves         | |  0.3
Dodging        | |  1.7
Stealth        | |  1.7
Alchemy        | |  0.2

Action                     |  1- 3 |  4- 6 |  7- 9 || total
---------------------------+-------+-------+-------++-------
  Melee: Dagger            |     1 |       |     3 ||     4
         Staff             |       |       |     2 ||     2
  Throw: Dart              |       |       |     8 ||     8
   Cast: Sandblast         |    75 |    77 |     4 ||   156
         Stone Arrow       |       |    11 |   148 ||   159
         Passwall          |       |       |     1 ||     1
         Brom's Barrelling |       |       |    20 ||    20
         Petrify           |       |       |    11 ||    11
  Evoke: Wand              |       |       |     1 ||     1
    Use: Scroll            |     2 |     3 |     1 ||     6
         Potion            |       |     1 |     1 ||     2
 Armour: Robe              |    12 |    26 |    16 ||    54
         Troll leather arm |       |       |    20 ||    20
  Dodge: Dodged            |     9 |    13 |    26 ||    48
